 Dungeon Crawl Stone Soup version 0.21.1-1-g345015fe64 (webtiles) character file.

1011513 DildoBatman the Petrodigitator (level 27, -11/238 HPs)
             Began as a Formicid Wizard on June 5, 2018.
             Was an Initiate of Gozag.
             Killed from afar by Cerebov (54 damage)
             ... with a great blast of fire
             ... in Pandemonium on June 6, 2018.
             The game lasted 13:34:51 (118783 turns).

DildoBatman the Petrodigitator (Formicid Wizard)  Turns: 118783, Time: 13:34:52

Health: -11/238    AC: 19    Str: 23    XL:     27
Magic:  31/43      EV: 24    Int: 35    God:    Gozag
Gold:   1423       SH: 21    Dex: 12    Spells: 2/58 levels left

rFire    + . .     SeeInvis +   a - staff of energy
rCold    + . .     Gourm    .   l - +0 large shield of Resourcefulness {Str+6 Stlth+}
rNeg     . . .     Faith    .   o - +4 troll leather armour
rPois    .         Spirit   .   (helmet unavailable)
rElec    .         Reflect  .   h - +2 cloak {rF+}
rCorr    .         Harm     .   g - +2 pair of gloves {Dex+3}
MR       ++++.                  P - +1 pair of boots "Jehan" {Int+4}
Stlth    +++++++...             r - amulet of regeneration
HPRegen  1.29/turn              V - ring of Phasing {EV+8}
MPRegen  0.28/turn              j - ring of the Mage {Wiz MR++ Int+3}

@: gold aura, flying, very slightly contaminated
A: permanent stasis, dig shafts and tunnels, four strong arms, antennae 3, cold
resistance 1, robust 1, strong 1
}: 7/15 runes: decaying, silver, golden, abyssal, demonic, glowing, gossamer
a: Dig, Shaft Self, Potion Petition, Call Merchant, Bribe Branch, Renounce
Religion


You were in Pandemonium.
You worshipped Gozag.
Gozag was most pleased with you.
You were full.

You visited 12 branches of the dungeon, and saw 56 of its levels.
You visited Pandemonium 2 times, and saw 9 of its levels.
You visited the Abyss 7 times.
You also visited: Labyrinth, Ice Cave and Volcano.

You collected 35417 gold pieces.
You spent 13415 gold pieces at shops.
You paid 20579 gold pieces to Gozag.

Inventory:

Hand Weapons
 b - the +18 lance "Wyrmbane" {slay drac, rPois rF+ rC+ AC+3}
   (You found it on level 3 of the Tomb of the Ancients)

   It affects your AC (+3).
   It protects you from fire.
   It protects you from cold.
   It protects you from poison.
Missiles
 n - 20 stones (quivered)
Armour
 d - a +0 pair of boots of running
 g - a +2 pair of gloves of dexterity (worn)
 h - a +2 cloak of fire resistance (worn)
 l - the +0 large shield of Resourcefulness (worn) {Str+6 Stlth+}
   (You acquired it on level 1 of the Depths)

   It affects your strength (+6).
   It makes you more stealthy.
 o - a +4 troll leather armour (worn)
 p - the +0 helmet of Hangman {Dex+4, unknown}
   (You found it in Pandemonium)

   It affects your dexterity (+4).
 t - the cursed -4 pair of gloves "Ysarr" {rPois rN+, unknown}
   (You found it in Pandemonium)

   It protects you from poison.
   It protects you from negative energy.
   It has a curse placed upon it.
 P - the +1 pair of boots "Jehan" (worn) {Int+4}
   (You bought it in a shop on level 1 of the Depths)

   It affects your intelligence (+4).
Magical Staves
 a - an uncursed staff of energy (weapon)
Jewellery
 e - the ring of Twilight {Wiz -Tele MR+ Dex+8, unknown}
   (You found it in Pandemonium)

   [ring of wizardry]

   It improves your spell success rate.
   It affects your dexterity (+8).
   It affects your resistance to hostile enchantments.
   It prevents most forms of teleportation.
 f - an uncursed amulet of the gourmand {unknown}
 j - the ring of the Mage (right hand) {Wiz MR++ Int+3}
   (You found it on level 3 of the Elven Halls)

   [ring of wizardry]

   It improves your spell success rate.
   It affects your intelligence (+3).
   It affects your resistance to hostile enchantments.
 k - the cursed ring "Lyfum" {+Inv Str+4 Dex-2, unknown}
   (You found it in Pandemonium)

   [ring of dexterity]

   It affects your strength (+4).
   It affects your dexterity (-2).
   It lets you turn invisible.
   It has a curse placed upon it.
 r - an amulet of regeneration (around neck)
 I - the ring of Robustness {AC+8}
   (You took it off a deep elf death mage on level 3 of the Elven Halls)

   [ring of protection]

   It affects your AC (+8).
 V - the ring of Phasing (left hand) {EV+8}
   (You took it off a deep elf death mage on level 5 of the Vaults)

   [ring of evasion]

   It affects your evasion (+8).
Wands
 E - a wand of clouds (6)
 Q - a wand of scattershot (26)
 T - a wand of acid (28)
Scrolls
 x - 24 scrolls of remove curse
 z - 16 scrolls of identify
 C - 10 scrolls of magic mapping
 S - 8 scrolls of fog
Potions
 u - 29 potions of curing
 W - 8 potions of flight
 X - 13 potions of heal wounds
Books
 m - the Incunabulum of Scorching Poisoning
   (You found it in Pandemonium)

   Spells                             Type                      Level
   a - Ignite Poison                  Fire/Transmutation/Poison    3
   b - Venom Bolt                     Conjuration/Poison           5
   c - Fireball                       Conjuration/Fire             5
   d - Ring of Flames                 Charms/Fire                  7
 q - the Grimoire of Weightlessness and Transmigration
   (You found it in Pandemonium)

   Spells                             Type                      Level
   a - Static Discharge               Conjuration/Air              3
   b - Irradiate                      Conjuration/Transmutation    5
   c - Silence                        Hexes/Air                    5
   d - Statue Form                    Transmutation/Earth          6
 s - a book of Spatial Translocations

   Spells                             Type                      Level
   a - Blink                          Translocation                2
   b - Shroud of Golubria             Charms/Translocation         2
   c - Lesser Beckoning               Translocation                3
   d - Gell's Gravitas                Translocation                3
   e - Teleport Other                 Translocation                3
   f - Passage of Golubria            Translocation                4
 y - the Collected Works on Quantum Hexes
   (You found it in Pandemonium)

   Spells                             Type                      Level
   a - Confusing Touch                Hexes                        1
   b - Shroud of Golubria             Charms/Translocation         2
   c - Blink                          Translocation                2
   d - Silence                        Hexes/Air                    5
Miscellaneous
 c - a phial of floods
 i - a sack of spiders
 w - a phantom mirror
 L - a lamp of fire
Comestibles
 v - 92 rations


   Skills:
 - Level 18.0 Fighting
   Level 7.6(7.9) Maces & Flails
 - Level 17.9(18.0) Polearms
 - Level 3.0(13.2) Staves
   Level 12.0 Slings
 - Level 11.0 Armour
 - Level 9.0 Dodging
 - Level 15.0 Stealth
 - Level 16.0 Shields
 - Level 16.0 Spellcasting
   Level 7.0 Conjurations
 - Level 15.0 Hexes
 - Level 10.0 Charms
 - Level 10.0 Summonings
 - Level 19.0 Necromancy
 - Level 10.0 Translocations
 - Level 20.0 Transmutations
 - Level 10.0 Ice Magic
 * Level 21.0 Air Magic
 O Level 27 Earth Magic
   Level 12.0 Poison Magic
 - Level 12.0 Evocations


You had 2 spell levels left.
You knew the following spells:

 Your Spells              Type           Power        Failure   Level  Hunger
a - Borgnjor's Vile Clut  Necr/Erth      ########..   0%          5    None
b - Necromutation         Tmut/Necr      ########..   1%          8    None
c - Spectral Weapon       Hex/Chrm       #######.     1%          3    None
d - Ozocubu's Armour      Chrm/Ice       #######.     1%          3    None
e - Tornado               Air            ########..   8%          9    None
f - Summon Mana Viper     Hex/Summ       #######.     1%          5    None
g - Shatter               Erth           ########..   1%          9    None
h - Lee's Rapid Deconstr  Erth           ########..   0%          5    None
j - Silence               Hex/Air        ########..   1%          5    None
m - Swiftness             Chrm/Air       #######.     0%          2    None
z - Shroud of Golubria    Chrm/Tloc      #######...   1%          2    None


Dungeon Overview and Level Annotations

Branches:
Dungeon (15/15)            Temple (1/1) D:7            Lair (6/6) D:8
  Swamp (4/4) Lair:3       Spider (4/4) Lair:4        Slime (0/5) Lair:5
    Orc (2/2) D:9             Elf (3/3) Orc:2        Vaults (5/5) D:14
  Crypt (3/3) Vaults:3       Tomb (3/3) Crypt:3      Depths (5/5) D:15
    Zot (5/5) Depths:5

Altars:
Ashenzari
Cheibriados
Dithmenos
Elyvilon
Fedhas
Gozag
Hepliaklqana
Kikubaaqudgha
Makhleb
Nemelex Xobeh
Okawaru
Qazlal
Ru
Sif Muna
Trog
Uskayaw
Vehumet
Wu Jian
Xom
Yredelemnul
Zin
The Shining One

Shops:
Orc:1 %   Orc:2 *[:(   Depths:1 ?:[([   Depths:2 =}}   Depths:4 [?=([=[?=[

Portals:
Hell: Depths:1 Depths:2 Depths:3 Depths:4 Depths:5
Abyss: Depths:4
Pandemonium: Depths:1 Depths:3 Depths:4 Depths:5
Ziggurat: Depths:4

Annotations:
Pan Cerebov


Innate Abilities, Weirdness & Mutations

You cannot be hasted, slowed, berserked, paralysed or teleported.
You can dig through walls and to a lower floor.
Your four strong arms can wield two-handed weapons with a shield.
You have a pair of large antennae on your head. (SInv)
Your flesh is cold resistant. (rC+)
You are robust. (+10% HP)
Your muscles are strong. (Str +2)


Message History

Cerebov escapes!
You are engulfed in blazing flames.
You resist.
Casting: Borgnjor's Vile Clutch
Confirm with . or Enter, or press ? or * to list all spells.
Aiming: Borgnjor's Vile Clutch
Press: ? - help, Dir - move target cursor, f - Cerebov, p - fire vortex
Aim: Cerebov, wielding a great serpentine sword {flame} (heavily wounded, fast) Decaying hands burst forth from the earth!
Zombie hands grab Cerebov.
The fire vortex is unaffected.
The zombie hands constrict Cerebov.
Cerebov struggles to escape constriction.
The zombie hands lose their grip on something.
Cerebov gestures at you.
A raging storm of fire appears!
The great blast of fire engulfs you! You partially resist.
You die...
Your body crumbles into a pile of gold.

#.#.........$.2v#.#.#
#............v..§.#.# {
#.#....{...§.2{§#.#
#............{{...# {
#.#.#.#..v§.#.#.#.#
#.......#.#§&v{..v# { {
#####'###.###'#####
#####.#.....#&###################
......###.###...@................
#########.#######################
.##.# #.....# #.##..##..##..##..#
....# #.#.#.# #..................
....###.....###..................
.................................
.................................
.................................
#################################


You could see Cerebov.

Vanquished Creatures
  Mnoleg (Pan)
  Mara (Spider:2)
  6 pandemonium lords (Pan)
  An ancient lich (Vaults:5)
  Sojobo (Crypt:3)
  Boris (twice) (Crypt:2 Tomb:3)
  27 greater mummies
  Bai Suzhen (Elf:3)
  Margery (Vaults:3)
  A curse toe (Zot:4)
  A caustic shrike (Depths:2)
  3 profane servitors
  the Enchantress (Depths:4)
  12 golden dragons
  Jory (Crypt:2)
  Arachne (Spider:3)
  13 bone dragons
  A Tzitzimitl (Pan)
  A Brimstone Fiend (Pan)
  2 electric golems
  Jorgrun (Elf:2)
  3 hellephants
  17 liches
  An Ice Fiend (Pan)
  A shard shrike zombie (Crypt:2)
  12 quicksilver dragons
  Rupert (Lair:5)
  8 Hell Sentinels
  The ghost of NoiZ the Tortoise, an adept MiFi of Okawaru (Swamp:4)
  3 deep elf blademasters
  18 tentacled monstrosities
  4 titans (Vaults:5)
  A deep elf master archer (Elf:3)
  The ghost of RepoMan the Ninja, an adept NaAs of Dithmenos (Spider:2)
  8 Executioners
  8 death cobs
  Frances (Spider:2)
  38 tentacled starspawn
  10 sphinxes
  8 shadow dragons
  7 ancient champions
  4 revenants
  13 storm dragons
  6 tengu reavers
  Donald (Crypt:2)
  11 fire giants
  2 thorn hunters
  8 draconian monks
  5 warmongers (Pan)
  The ghost of Grim the Severer, a journeyman MiBe of Trog (D:14)
  4 daevas
  6 draconian knights
  9 frost giants
  A frost giant (shapeshifter) (Depths:4)
  4 ghost moths
  3 draconian shifters
  An orc warlord (Orc:2)
  A caustic shrike zombie (Depths:5)
  2 iron dragons (Depths:3)
  8 deep elf sorcerers
  26 balrugs
  13 vault wardens
  4 emperor scorpions
  Aizul (Spider:1)
  10 ghouls
  10 draconian stormcallers
  25 cacodemons
  The ghost of Gargoyl the Corrupter of Planes, a journeyman CeAK of Lugonu (Orc:2)
  3 angels
  9 draconian scorchers
  7 reapers
  3 curse skulls
  2 juggernaut zombies
  26 ironheart preservers
  4 spriggan defenders
  4 deep elf elementalists (Elf:3)
  A juggernaut skeleton (Depths:4)
  2 stone giants (shapeshifter)
  A war gargoyle (Vaults:4)
  2 entropy weavers
  52 very ugly things
  6 draconian annihilators
  6 black suns (Pan)
  12 bennus
  23 stone giants
  8 green draconians
  4 corrupters (Pan)
  5 blood saints (Pan)
  8 black draconians
  8 lorocyprocas
  13 deep elf demonologists
  2 vampire knights
  The ghost of DildoBatman the Blocker, a journeyman FoWz of Sif Muna (Orc:2)
  6 purple draconians
  10 deep elf annihilators
  Azrael (Spider:3)
  8 white draconians
  15 red draconians
  9 green deaths
  12 yellow draconians
  14 fire dragons
  12 ettins
  12 deep elf death magi
  6 blizzard demons
  2 eidola
  2 crystal guardians
  A minotaur (Lab)
  20 mummy priests
  2 death oozes
  8 deep elf high priests
  A merfolk impaler (Depths:5)
  18 jiangshi
  14 yaktaur captains
  2 quicksilver dragon skeletons
  17 hydras
  A naga warrior (Abyss:2)
  14 rakshasas
  4 hell beasts
  21 great orbs of eyes
  37 vault guards
  4 monstrous demonspawn (Pan)
  6 ice dragons
  6 ghost crabs
  13 centaur warriors
  5 spriggan air magi
  5 death knights
  7 ogre magi
  A merfolk avatar (Lair:6)
  9 death scarabs (Tomb:1)
  26 two-headed ogres
  34 dancing weapons
  23 deep troll shamans
  A two-headed ogre (shapeshifter) (Vaults:4)
  8 alligators
  A death yak (IceCv)
  A titan zombie (Depths:4)
  The ghost of Ethylacetat the Cleaver, a novice DsCK of Xom (D:10)
  2 hell hogs (Abyss:3)
  6 vampire magi
  3 tengu warriors
  65 thrashing horrors
  13 deep troll earth magi
  7 spriggan berserkers
  Urug (D:10)
  3 orc high priests (Orc:2)
  28 deep elf knights
  A storm dragon zombie (Depths:4)
  34 sun demons
  7 iron trolls
  2 titan skeletons
  25 soul eaters
  31 sixfirhies
  40 wretched stars
  2 fire crabs (shapeshifter)
  Nergalle (D:10)
  5 shadow wraiths
  34 skeletal warriors
  10 spatial maelstroms
  2 unseen horrors (shapeshifter)
  6 storm dragon skeletons
  A death drake (Abyss:1)
  A cherub (Pan)
  6 unseen horrors
  A spectral anaconda (Crypt:3)
  6 infernal demonspawn (Pan)
  41 deep trolls
  30 hell knights
  8 flayed ghosts
  A spark wasp zombie (Crypt:1)
  8 glowing orange brains
  A golden dragon zombie (Crypt:1)
  15 deep elf archers
  17 shadow demons
  194 starcursed masses
  An anaconda zombie (Crypt:1)
  13 swamp dragons
  11 gelid demonspawn
  4 torturous demonspawn (Pan)
  5 shambling mangroves
  5 spriggan druids
  A shadow dragon zombie (Depths:4)
  An anaconda skeleton (Crypt:1)
  2 golden dragon skeletons
  20 ironbrand convokers
  7 phantasmal warriors
  8 wizards
  16 necromancers
  A tengu zombie (D:8)
  9 orb spiders
  A lindwurm (shapeshifter) (Vaults:5)
  6 harpies
  A sphinx zombie (Depths:3)
  12 orc knights
  5 tengu skeletons
  An orb spider (shapeshifter) (Vaults:4)
  3 wolf spider zombies
  86 deep elf magi
  32 wolf spiders
  A fire giant zombie (Crypt:1)
  A shining eye (Abyss:3)
  5 manticores
  8 oklob plants
  A salamander (shapeshifter) (Depths:2)
  7 cyclopes
  A faun (shapeshifter) (Depths:3)
  A sphinx skeleton (Depths:5)
  6 orc sorcerers
  2 iron dragon skeletons
  74 ugly things
  18 moths of wrath
  18 worldbinders
  3 elephants (Lair:6)
  7 stone giant zombies
  2 stone giant skeletons (Depths:4)
  2 black mambas (shapeshifter)
  3 frost giant zombies
  Maurice (D:9)
  13 vault sentinels
  6 rust devils
  2 spriggan zombies
  4 black mambas
  A titan simulacrum (Abyss:2)
  11 apocalypse crabs
  3 centaur zombies
  2 guardian serpents
  An ice statue (IceCv)
  2 naga magi
  2 frost giant skeletons (Crypt:1)
  2 eyes of devastation (Abyss:3)
  3 dire elephant skeletons
  A fire giant skeleton (Vaults:5)
  Psyche (D:8)
  A gargoyle (D:10)
  3 torpor snails
  An eye of devastation (shapeshifter) (Abyss:1)
  18 spiny frogs
  56 orange demons
  A red draconian zombie (Crypt:2)
  97 smoke demons
  3 kobold demonologists
  A grey draconian zombie (Crypt:1)
  4 yaktaur zombies
  5 rime drakes
  8 hellions
  49 yaktaurs
  18 efreet
  7 komodo dragons
  5 tormentors
  2 golden dragon simulacra
  2 anaconda simulacra
  30 demonic crawlers
  2 komodo dragons (shapeshifter)
  A pale draconian zombie (Crypt:1)
  A sea snake skeleton (Crypt:2)
  38 ancient zymes
  A spriggan skeleton (Depths:4)
  12 freezing wraiths
  A catoblepas skeleton (Abyss:1)
  21 red devils
  A harpy zombie (Crypt:1)
  11 hellwings
  2 tengu simulacra
  A queen bee (Abyss:3)
  6 trolls
  8 ice devils
  4 tengu conjurers
  113 small abominations
  37 guardian mummies
  A meliai (shapeshifter) (Abyss:2)
  2 hydra zombies
  22 jumping spiders
  2 wind drakes (Lair:6)
  A moth of wrath zombie (Crypt:1)
  A red draconian skeleton (Crypt:2)
  A shadow dragon simulacrum (Abyss:3)
  30 hornets
  7 meliai
  7 tyrant leeches
  A queen bee (shapeshifter) (Vaults:3)
  A hydra skeleton (Swamp:2)
  A blink frog (shapeshifter) (Abyss:2)
  Prince Ribbit (Lair:1)
  2 deep troll zombies (Depths:5)
  A human simulacrum (Vaults:5)
  9 hippogriffs
  28 polar bears
  A fire dragon zombie (Abyss:1)
  3 ettin zombies
  68 slime creatures
  125 raiju
  2 ice dragon zombies
  A stone giant simulacrum (Vaults:3)
  40 blink frogs
  12 bog bodies
  A frost giant simulacrum (Crypt:3)
  135 flying skulls
  10 spriggans
  4 ice dragon skeletons
  The ghost of supermoro the Sneak, an amateur KoEn (D:3)
  3 air elementals
  59 redbacks
  4 fire dragon skeletons
  3 ettin skeletons
  20 tarantellas
  A centaur simulacrum (D:14)
  12 shadows
  3 deep troll skeletons
  12 fire bats
  A wyvern (shapeshifter) (Vaults:4)
  4 wyverns
  50 yaks
  A black mamba skeleton (Abyss:1)
  14 wraiths
  2 alligator skeletons
  40 ushabtiu
  8 fire elementals
  4 water elementals
  A golden eye (shapeshifter) (Vaults:5)
  12 hungry ghosts
  2 basilisks (Lair:5)
  59 ynoxinuls
  A human (shapeshifter) (Vaults:4)
  156 large abominations
  A catoblepas simulacrum (Abyss:3)
  14 vampire mosquitoes
  2 elf zombies
  18 golden eyes
  An elf skeleton (Depths:5)
  36 chaos spawn
  20 insubstantial wisps
  4 human zombies
  50 neqoxecs
  28 swamp worms
  41 spatial vortices
  4 wargs
  An acid dragon (shapeshifter) (Depths:3)
  7 acid dragons
  14 water moccasins
  A floating eye (Pan)
  18 hell hounds
  10 porcupines
  A gelid demonspawn skeleton (Crypt:2)
  2 human skeletons
  A black bear (D:8)
  A faun skeleton (Crypt:2)
  3 ogre skeletons
  3 sky beasts
  39 orc warriors
  7 swamp drakes
  An ettin simulacrum (Abyss:1)
  10 eyes of draining
  13 ice beasts
  A snapping turtle zombie (Crypt:1)
  An ice beast (shapeshifter) (Vaults:3)
  7 necrophages
  50 wolves
  16 ogres
  6 phantoms
  12 boggarts
  13 centaurs
  13 crocodiles
  2 manticore skeletons
  2 snapping turtle skeletons
  4 big kobolds
  17 bullfrogs
  5 yaktaur skeletons
  A wyvern zombie (D:14)
  8 earth elementals
  6 scorpions
  A snapping turtle simulacrum (Abyss:2)
  2 troll zombies (D:9)
  A water moccasin skeleton (D:9)
  16 killer bees
  21 wights
  3 howler monkeys
  19 crimson imps
  2 bullfrog zombies
  6 hounds
  27 quasits
  Crazy Yiuf (D:2)
  9 jellies
  14 orc priests
  7 bullfrog skeletons
  5 centaur skeletons
  16 iron imps
  Terence (D:2)
  5 iguanas
  35 orc wizards
  3 worker ants
  5 ogre zombies
  A dwarf skeleton (Crypt:1)
  41 mummies
  A worker ant zombie (D:7)
  7 gnolls
  9 adders
  11 shadow imps
  19 white imps
  27 ufetubi
  11 oozes
  2 adder skeletons
  An iguana skeleton (Crypt:1)
  3 worms
  A dart slug (D:1)
  7 leopard geckos
  99 orcs
  12 bats
  A bat skeleton (Crypt:2)
  4 giant cockroaches
  12 goblins
  7 hobgoblins
  23 jackals
  19 kobolds
  6 quokkas
  A ball python (D:7)
  9 frilled lizards
  2 goblin skeletons (D:9)
  2 goblin zombies (D:9)
  A hobgoblin skeleton (D:9)
  2 hobgoblin zombies (D:9)
  A jackal skeleton (D:9)
  2 jackal zombies
  2 orc skeletons (D:9)
  10 orc zombies (D:9)
  3 rats
  A rat skeleton (D:8)
  8 bushes
  A crawling corpse (Vaults:2)
  11 fungi
  12 lurking horrors
  35 plants
  6 spectral weapons
  24 starspawn tentacles
4901 creatures vanquished.

Vanquished Creatures (collateral kills)
  A profane servitor (Abyss:2)
  A bone dragon (Abyss:1)
  Asterion (Spider:3)
  3 ghost moths
  A deep elf sorcerer (Elf:3)
  A cacodemon (Abyss:1)
  2 deep elf demonologists (Elf:3)
  A bennu (Tomb:1)
  2 hell hogs (Abyss:3)
  3 thrashing horrors
  A soul eater (Abyss:3)
  A deep elf knight (Elf:3)
  8 wretched stars
  A glowing orange brain (Abyss:3)
  2 deep elf magi
  A large abomination (Abyss:3)
  3 smoke demons (Abyss:1)
  A demonic crawler (Spider:4)
  A hellwing (Abyss:2)
  An ancient zyme (Abyss:1)
  A meliai (Abyss:3)
  A slime creature (Swamp:3)
  2 air elementals
  A ynoxinul (Abyss:2)
  4 fire bats (Abyss:3)
  A small abomination (Abyss:3)
  An eye of draining (Abyss:3)
  A centaur zombie (Abyss:3)
  A quasit (Abyss:2)
  A white imp (Abyss:1)
  An ufetubus (Abyss:2)
  A starspawn tentacle (Abyss:1)
52 creatures vanquished.

Vanquished Creatures (others)
  An eldritch tentacle (Pan)
  A fire giant (Depths:1)
  A stone giant (Orc:2)
  A bennu (Tomb:2)
  2 dancing weapons
  3 deep elf knights
  A sun demon (Pan)
  2 unseen horrors
  A spriggan druid (Swamp:3)
  2 large abominations
  An anaconda skeleton (Tomb:2)
  A frost giant zombie (Tomb:2)
  A cyclops (Orc:1)
  2 raiju (Abyss:3)
  5 dream sheep (D:3)
  2 ynoxinuls
  A vampire (D:11)
  2 golden eyes (Abyss:3)
  A sky beast (D:7)
  4 small abominations
  A worker ant (D:7)
  An ogre zombie (Abyss:3)
  An orc (Orc:2)
  3 bushes (D:14)
  A fire vortex (Pan)
  20 fungi
  5 lurking horrors
  A plant (Lair:4)
  32 spectral weapons
  72 starspawn tentacles
172 creatures vanquished.

Grand Total: 5125 creatures vanquished

Notes
Turn   | Place    | Note
-------+----------+-------------------------------------------
     0 | D:1      | DildoBatman the Formicid Wizard began the quest for the Orb.
     0 | D:1      | Reached XP level 1. HP: 13/13 MP: 4/4
    49 | D:1      | Reached skill level 1 in Conjurations
   193 | D:1      | Reached skill level 1 in Fighting
   193 | D:1      | Reached XP level 2. HP: 21/21 MP: 4/6
   428 | D:1      | Reached XP level 3. HP: 7/27 MP: 2/7
   438 | D:1      | Learned a level 2 spell: Slow
   442 | D:1      | Learned a level 3 spell: Mephitic Cloud
  1225 | D:2      | Reached XP level 4. HP: 31/33 MP: 0/8
  1375 | D:2      | Found a blossoming altar of Fedhas.
  1641 | D:2      | Noticed Terence
  1660 | D:2      | Killed Terence
  1690 | D:2      | Found a runed door.
  1891 | D:2      | Reached XP level 5. HP: 29/38 MP: 2/9
  2084 | D:3      | Noticed a dream sheep
  2084 | D:3      | Noticed a dream sheep
  2084 | D:3      | Noticed a dream sheep
  2084 | D:3      | Noticed a dream sheep
  2084 | D:3      | Noticed a dream sheep
  2084 | D:3      | Found a shimmering altar of Xom.
  2090 | D:3      | Killed a dream sheep
  2090 | D:3      | Killed a dream sheep
  2090 | D:3      | Killed a dream sheep
  2091 | D:3      | Killed a dream sheep
  2091 | D:3      | Killed a dream sheep
  2218 | D:3      | Noticed supermoro's ghost (amateur KoEn)
  2561 | D:3      | Reached skill level 1 in Armour
  2824 | D:3      | Reached skill level 1 in Staves
  2936 | D:3      | Reached XP level 6. HP: 46/46 MP: 1/10
  3042 | D:3      | Found a blossoming altar of Fedhas.
  4401 | D:5      | Entered Level 5 of the Dungeon
  4404 | D:5      | Found a hide-covered altar of Uskayaw.
  4439 | D:5      | Reached XP level 7. HP: 37/53 MP: 0/11
  4587 | D:5      | Found a sparkling altar of Nemelex Xobeh.
  4952 | D:6      | Found a sacrificial altar of Ru.
  5695 | D:6      | Noticed a wyvern
  5721 | D:6      | Killed a wyvern
  5721 | D:6      | Reached skill level 5 in Fighting
  5721 | D:6      | Reached XP level 8. HP: 34/62 MP: 0/12
  6138 | D:6      | Found an opulent altar of Gozag.
  6586 | D:7      | Found a radiant altar of Vehumet.
  6644 | D:7      | Reached skill level 1 in Evocations
  6705 | D:6      | Reached skill level 5 in Stealth
  7064 | D:7      | Found a staircase to the Ecumenical Temple.
  7106 | Temple   | Entered the Ecumenical Temple
  7207 | Temple   | Became a worshipper of Sif Muna the Loreminder
  7424 | Temple   | Reached skill level 1 in Poison Magic
  7424 | Temple   | Reached XP level 9. HP: 60/69 MP: 1/14
  7569 | Temple   | Reached skill level 1 in Hexes
  7743 | D:7      | Reached skill level 5 in Armour
  7783 | D:7      | Reached skill level 1 in Air Magic
  7811 | D:7      | Found a glowing golden altar of the Shining One.
  7824 | D:7      | Reached * piety under Sif Muna
  8810 | D:2      | Noticed Crazy Yiuf
  8814 | D:2      | Killed Crazy Yiuf
  9457 | D:8      | Noticed a hippogriff
  9463 | D:8      | Noticed Psyche
  9496 | D:7      | Killed a hippogriff
  9620 | D:7      | Reached ** piety under Sif Muna
  9938 | D:8      | Found a staircase to the Lair.
 10021 | D:8      | Killed Psyche
 10021 | D:8      | Reached skill level 1 in Polearms
 10021 | D:8      | Reached XP level 10. HP: 76/76 MP: 7/16
 10022 | D:8      | Noticed a two-headed ogre
 10045 | D:8      | Killed a two-headed ogre
 10045 | D:8      | Reached skill level 5 in Hexes
 10045 | D:8      | Reached skill level 5 in Poison Magic
 10045 | D:8      | Reached skill level 5 in Evocations
 10125 | D:8      | Found an ancient bone altar of Kikubaaqudgha.
 10289 | D:8      | Found a white marble altar of Elyvilon.
 11249 | D:9      | Reached *** piety under Sif Muna
 11301 | D:9      | Reached skill level 1 in Shields
 11408 | D:9      | Reached XP level 11. HP: 81/81 MP: 7/17
 11443 | D:9      | Noticed a two-headed ogre
 11446 | D:9      | Noticed a two-headed ogre
 11473 | D:9      | Killed a two-headed ogre
 11473 | D:9      | Reached skill level 5 in Shields
 11482 | D:9      | Found a shattered altar of Ashenzari.
 11513 | D:9      | Killed a two-headed ogre
 12002 | D:9      | Found a staircase to the Orcish Mines.
 12331 | D:10     | Entered Level 10 of the Dungeon
 12331 | D:10     | Noticed Maurice
 12333 | D:10     | Noticed Ethylacetat's ghost (novice DsCK)
 12345 | D:9      | Killed Maurice
 12601 | D:10     | Identified the Incunabulum of Unstable Weightlessness
 12624 | D:10     | Noticed Nergalle
 12646 | D:10     | Killed Nergalle
 13127 | D:10     | Reached **** piety under Sif Muna
 13245 | D:10     | Learned a level 5 spell: Borgnjor's Vile Clutch
 13367 | D:10     | Reached skill level 1 in Necromancy
 13367 | D:10     | Reached skill level 1 in Earth Magic
 13422 | D:10     | Noticed Urug
 13537 | D:10     | Killed Urug
 13537 | D:10     | Reached skill level 5 in Spellcasting
 13537 | D:10     | Reached skill level 2 in Earth Magic
 14046 | D:10     | Reached XP level 12. HP: 80/88 MP: 11/19
 14324 | D:11     | Reached skill level 3 in Earth Magic
 14449 | D:11     | Reached skill level 4 in Earth Magic
 14481 | D:11     | Noticed a two-headed ogre
 14490 | D:11     | Killed a two-headed ogre
 14700 | D:11     | Noticed a seven-headed hydra
 14824 | D:11     | Reached skill level 5 in Earth Magic
 14848 | D:11     | Reached ***** piety under Sif Muna
 14961 | D:11     | Identified Sif Muna's Catalogue of Weightlessness and Earth (Sif Muna gifted it to you on level 11 of the Dungeon)
 14961 | D:11     | Received a gift from Sif Muna
 14961 | D:11     | Reached skill level 5 in Necromancy
 14961 | D:11     | Reached skill level 6 in Earth Magic
 15162 | D:11     | Noticed a seven-headed hydra
 15210 | D:11     | Noticed a centaur warrior
 15254 | D:11     | Killed a centaur warrior
 15313 | D:11     | Killed an eight-headed hydra
 15313 | D:11     | Reached skill level 7 in Earth Magic
 15451 | D:11     | Killed a seven-headed hydra
 15656 | Orc:1    | Entered Level 1 of the Orcish Mines
 15699 | Orc:2    | Entered Level 2 of the Orcish Mines
 15799 | Orc:2    | Found a staircase to the Elven Halls.
 15828 | Orc:2    | Noticed Gargoyl's ghost (journeyman CeAK)
 15839 | Orc:2    | Noticed an orc high priest
 15847 | Orc:2    | Found Cexastrae's Antique Armour Boutique.
 15847 | Orc:2    | Noticed an orc warlord
 15850 | Orc:2    | Found a dark tunnel.
 15855 | Volcano  | Entered a volcano
 15870 | Volcano  | Noticed a two-headed ogre
 15890 | Volcano  | Noticed a two-headed ogre
 15890 | Volcano  | Noticed a hell knight
 15905 | Volcano  | Noticed a two-headed ogre
 15911 | Volcano  | Killed a two-headed ogre
 15956 | Volcano  | Killed a two-headed ogre
 15956 | Volcano  | Reached skill level 8 in Earth Magic
 16062 | Volcano  | Noticed a two-headed ogre
 16072 | Volcano  | Noticed an ogre mage
 16077 | Volcano  | Killed an ogre mage
 16078 | Volcano  | Noticed a two-headed ogre
 16091 | Volcano  | Killed a two-headed ogre
 16091 | Volcano  | Reached XP level 13. HP: 60/93 MP: 2/20
 16111 | Volcano  | Reached skill level 9 in Earth Magic
 16239 | Volcano  | Got a pair of shimmering boots
 16320 | Volcano  | Identified the +1 pair of boots of Joy {Stlth+} (You found it in a volcano)
 16395 | Volcano  | Learned a level 2 spell: Swiftness
 16401 | Volcano  | Learned a level 5 spell: Silence
 16406 | Volcano  | Learned a level 4 spell: Animate Dead
 16412 | Orc:2    | Noticed a stone giant
 16420 | Orc:2    | Found Nuhinlaox's Book Shop.
 16714 | Orc:2    | Identified Sif Muna's Tome of the Oath (Sif Muna gifted it to you on level 2 of the Orcish Mines)
 16714 | Orc:2    | Received a gift from Sif Muna
 16938 | Orc:1    | Reached skill level 10 in Earth Magic
 17209 | Orc:1    | Found Ravomic's Food Boutique.
 17535 | Orc:2    | Killed a stone giant
 17598 | Orc:2    | Killed an orc warlord
 17625 | Orc:2    | Reached skill level 11 in Earth Magic
 17804 | Orc:2    | Learned a level 3 spell: Confuse
 17855 | Orc:2    | Received a gift from Sif Muna
 17909 | Orc:2    | Noticed DildoBatman's ghost (journeyman FoWz)
 18258 | Lair:1   | Entered Level 1 of the Lair of Beasts
 18258 | Lair:1   | Noticed Prince Ribbit
 18261 | Lair:1   | Killed Prince Ribbit
 18351 | Lair:1   | Reached XP level 14. HP: 100/100 MP: 15/25
 19258 | Lair:2   | Found a frozen archway.
 19550 | IceCv    | Entered an ice cave
 19579 | IceCv    | Reached skill level 12 in Earth Magic
 19611 | IceCv    | Reached skill level 10 in Necromancy
 19774 | IceCv    | Identified Gantiowk's Compendium of the Rocks and Beguiling (Sif Muna gifted it to you in an ice cave)
 19774 | IceCv    | Received a gift from Sif Muna
 19790 | IceCv    | Learned a level 4 spell: Petrify
 19871 | IceCv    | Reached skill level 10 in Hexes
 20296 | IceCv    | Reached skill level 1 in Charms
 20673 | IceCv    | Noticed a frost giant
 20869 | IceCv    | Killed a frost giant
 21378 | Lair:2   | Reached skill level 5 in Conjurations
 21497 | Lair:2   | Reached skill level 1 in Maces & Flails
 21497 | Lair:2   | Reached XP level 15. HP: 106/106 MP: 17/27
 22145 | Lair:3   | Found a staircase to the Swamp.
 22744 | Lair:3   | Got a fine triple crossbow
 22774 | Lair:3   | Identified the +3 triple crossbow "Neinyski" {speed, +Inv Stlth+} (You found it on level 3 of the Lair of Beasts)
 22871 | Lair:4   | Found a labyrinth entrance.
 22882 | Lair:4   | Identified Sif Muna's Grimoire of Fetching Changing (Sif Muna gifted it to you on level 4 of the Lair of Beasts)
 22882 | Lair:4   | Received a gift from Sif Muna
 22893 | Lab      | Entered a labyrinth
 23110 | Lab      | Got a polished hunting sling
 23604 | Lair:4   | Identified the +9 hunting sling "Ultimatum" {venom, rF+} (You took it off a minotaur in a labyrinth)
 23963 | Lair:4   | Found a hole to the Spider Nest.
 24205 | Lair:4   | Reached skill level 1 in Slings
 24205 | Lair:4   | Reached skill level 10 in Shields
 24279 | Lair:4   | Got a warped scythe
 24717 | Lair:4   | Identified the +3 scythe of Crystal {slice, rN+ Str+7} (You found it on level 4 of the Lair of Beasts)
 24901 | Lair:5   | Found a staircase to the Slime Pits.
 25125 | Lair:5   | Noticed Rupert
 25156 | Lair:5   | Killed Rupert
 25860 | Lair:6   | Entered Level 6 of the Lair of Beasts
 26011 | Lair:6   | Received a gift from Sif Muna
 26337 | Lair:6   | Reached skill level 1 in Transmutations
 26370 | Lair:6   | Reached skill level 10 in Poison Magic
 26763 | Lair:6   | Reached XP level 16. HP: 115/115 MP: 15/29
 27130 | Lair:6   | Reached skill level 5 in Charms
 27142 | Lair:6   | Identified Suel's Almanac of the Escort
 27860 | D:3      | Killed supermoro's ghost
 28024 | Orc:2    | Bought a book of Death for 770 gold pieces
 28100 | D:8      | Learned a level 5 spell: Dispel Undead
 28175 | D:10     | Killed Ethylacetat's ghost
 28252 | Orc:2    | Killed DildoBatman's ghost
 28252 | Orc:2    | Reached ****** piety under Sif Muna
 28393 | Orc:2    | Killed Gargoyl's ghost
 28583 | Orc:2    | Found Daohene's Antique Weapon Emporium.
 28638 | Orc:2    | Bought a warped long sword for 255 gold pieces
 28639 | Orc:2    | Identified the +1 long sword of Darkness {drain, Int+3} (You bought it in a shop on level 2 of the Orcish Mines)
 28753 | Orc:2    | Bought a faintly glowing chain mail for 237 gold pieces
 28763 | Orc:2    | Identified the cursed +0 chain mail of the Wary Planets {Int+3} (You bought it in a shop on level 2 of the Orcish Mines)
 28821 | Orc:2    | Found Iregacomp's General Store.
 28829 | Orc:2    | Bought a potion of degeneration for 10 gold pieces
 28829 | Orc:2    | Bought a potion of lignification for 30 gold pieces
 29681 | D:12     | Identified Sif Muna's Handbook of Spatial Cold (Sif Muna gifted it to you on level 12 of the Dungeon)
 29681 | D:12     | Received a gift from Sif Muna
 29796 | D:12     | Found a glowing golden altar of the Shining One.
 31055 | D:13     | Reached skill level 5 in Maces & Flails
 31421 | D:14     | Identified the Almanac of Combed Thunderclap
 31457 | D:14     | Identified Sif Muna's Handbook of Axaxaxas mlö
 31558 | D:14     | Noticed Grim's ghost (journeyman MiBe)
 31633 | D:14     | Killed Grim's ghost
 31870 | D:14     | Found a gate to the Vaults.
 31931 | D:14     | Identified Sif Muna's Grimoire of Cankerous Stones (Sif Muna gifted it to you on level 14 of the Dungeon)
 31931 | D:14     | Received a gift from Sif Muna
 32351 | D:14     | Identified the Grimoire of Sand
 32508 | D:15     | Entered Level 15 of the Dungeon
 33056 | D:14     | Reached XP level 17. HP: 120/120 MP: 24/30
 33259 | D:15     | Found a radiant altar of Vehumet.
 33695 | D:15     | Reached skill level 5 in Slings
 33837 | D:15     | Found a staircase to the Depths.
 34315 | D:8      | Learned a level 2 spell: Sublimation of Blood
 34321 | D:8      | Learned a level 5 spell: Summon Mana Viper
 34328 | D:8      | Learned a level 5 spell: Lee's Rapid Deconstruction
 34451 | Spider:1 | Entered Level 1 of the Spider Nest
 34842 | Spider:1 | Reached skill level 5 in Air Magic
 35196 | Spider:1 | Noticed Aizul
 35222 | Spider:1 | Killed Aizul
 35791 | Spider:2 | Identified Sif Muna's Almanac of Necromancy (Sif Muna gifted it to you on level 2 of the Spider Nest)
 35791 | Spider:2 | Received a gift from Sif Muna
 35815 | Spider:2 | Noticed RepoMan's ghost (adept NaAs)
 35837 | Spider:2 | Killed RepoMan's ghost
 35898 | Spider:2 | Reached skill level 10 in Spellcasting
 36576 | Spider:2 | Noticed Frances
 36661 | Spider:2 | Killed Frances
 37088 | Spider:3 | Noticed Arachne
 37106 | Spider:3 | Killed Arachne
 37127 | Spider:3 | Noticed Mara
 37146 | Spider:3 | Noticed DildoBatman's illusion
 37404 | Spider:2 | Reached skill level 13 in Earth Magic
 37434 | Spider:3 | Noticed DildoBatman's illusion
 37583 | Spider:3 | Noticed DildoBatman's illusion
 37832 | Spider:3 | Noticed DildoBatman's illusion
 38038 | Spider:3 | Noticed Azrael
 38218 | Spider:3 | Noticed Asterion
 38300 | Spider:2 | Killed Mara
 38300 | Spider:2 | Reached XP level 18. HP: 70/127 MP: 0/32
 38558 | Spider:3 | Killed Azrael
 38744 | Spider:3 | Got a blackened war axe
 38790 | Spider:3 | Identified the +1 war axe "Ladimu Woabb" {freeze, SInv} (You found it on level 3 of the Spider Nest)
 38821 | Spider:3 | Killed Asterion
 38875 | Spider:4 | Entered Level 4 of the Spider Nest
 39006 | Spider:4 | Found the +5 demon whip "Spellbinder" {antimagic, MR+}
 39510 | Spider:4 | Identified Sif Muna's Incunabulum of Mutagenic Intoxication (Sif Muna gifted it to you on level 4 of the Spider Nest)
 39510 | Spider:4 | Received a gift from Sif Muna
 40128 | Spider:4 | Got a gossamer rune of Zot
 40680 | Swamp:1  | Entered Level 1 of the Swamp
 40685 | Swamp:1  | Reached skill level 5 in Dodging
 41697 | Swamp:2  | Reached skill level 5 in Summonings
 41775 | Swamp:2  | Reached XP level 19. HP: 121/134 MP: 1/33
 43026 | Swamp:3  | Reached skill level 10 in Stealth
 43186 | Swamp:2  | Identified Sif Muna's Grimoire of Destructive Unholy Rituals (Sif Muna gifted it to you on level 2 of the Swamp)
 43186 | Swamp:2  | Received a gift from Sif Muna
 43544 | Swamp:3  | Reached skill level 10 in Evocations
 43772 | Swamp:3  | Found a runed door.
 44245 | D:8      | Gained mutation: You are robust. (+10% HP) [potion of mutation]
 44245 | D:8      | Gained mutation: Your system is resistant to poisons. (rPois) [potion of mutation]
 44245 | D:8      | Gained mutation: Scrolls take you a little longer to read. [potion of mutation]
 44245 | D:8      | Gained mutation: You evolve. [potion of mutation]
 45222 | Swamp:4  | Entered Level 4 of the Swamp
 45573 | Swamp:4  | Noticed NoiZ's ghost (adept MiFi)
 45584 | Swamp:4  | Killed NoiZ's ghost
 46359 | Swamp:4  | Received a gift from Sif Muna
 46362 | Swamp:4  | Identified Sif Muna's Volume of Creation (Sif Muna gifted it to you on level 4 of the Swamp)
 47144 | Swamp:4  | Reached XP level 20. HP: 156/156 MP: 9/34
 47267 | Swamp:4  | Got a decaying rune of Zot
 47766 | Elf:1    | Entered Level 1 of the Elven Halls
 49017 | Elf:1    | Got a crude hunting sling
 49018 | Elf:1    | Identified the +8 hunting sling of the Ancient Realms {speed, rN+} (You found it on level 1 of the Elven Halls)
 49267 | Elf:2    | Identified Sif Muna's Volume of Conjuration (Sif Muna gifted it to you on level 2 of the Elven Halls)
 49267 | Elf:2    | Received a gift from Sif Muna
 49281 | Elf:2    | Gained mutation: Your magical capacity is low. (-10% MP) [evolution]
 49415 | Elf:2    | Found a runed gate.
 49415 | Elf:2    | Found a runed gate.
 49415 | Elf:2    | Found a runed gate.
 49497 | Elf:2    | Noticed Jorgrun
 49512 | Elf:2    | Killed Jorgrun
 49881 | Elf:2    | Learned a level 3 spell: Regeneration
 50174 | Elf:3    | Entered Level 3 of the Elven Halls
 51133 | Elf:2    | Reached XP level 21. HP: 163/163 MP: 26/32
 51962 | Elf:3    | Identified Dafirph's Handbook of the Oath (Sif Muna gifted it to you on level 3 of the Elven Halls)
 51962 | Elf:3    | Received a gift from Sif Muna
 52267 | Elf:3    | Noticed Bai Suzhen
 52285 | Elf:3    | Killed Bai Suzhen
 52700 | Elf:3    | Got a jewelled scimitar {speed}
 52832 | Elf:3    | Identified the +7 scimitar "Liohiaf" {speed, rPois} (You took it off a deep elf sorcerer on level 3 of the Elven Halls)
 53034 | Elf:3    | Got a polished battleaxe {chop}
 53112 | Elf:3    | Identified the cursed +1 battleaxe of Equivalence {chop, rF++} (You took it off a deep elf mage on level 3 of the Elven Halls)
 53342 | Elf:3    | Got an uncursed faintly glowing scimitar {drain}
 53350 | Elf:3    | Identified the +8 scimitar of Tender Mercy {drain, rN+} (You took it off a deep elf knight on level 3 of the Elven Halls)
 53729 | Elf:3    | Reached skill level 14 in Earth Magic
 54427 | Elf:3    | Found the ring of the Mage {Wiz MR++ Int+3}
 54505 | Elf:3    | Identified the Guide on Enhancements and Orientation
 54515 | Elf:3    | Got a heavily runed cloak
 54519 | Elf:3    | Got a slimy hunting sling
 54759 | D:8      | Identified the +1 cloak "Urafovvu" {rPois Int+2} (You found it on level 3 of the Elven Halls)
 54760 | D:8      | Identified the +11 hunting sling of Distant Worlds {venom, Str+4} (You found it on level 3 of the Elven Halls)
 55043 | Vaults:1 | Entered Level 1 of the Vaults
 55808 | Vaults:1 | Reached skill level 10 in Slings
 56109 | Vaults:1 | Received a gift from Sif Muna
 56115 | Vaults:1 | Learned a level 3 spell: Ozocubu's Armour
 56212 | Vaults:1 | Reached XP level 22. HP: 174/174 MP: 29/33
 56250 | Vaults:1 | Reached skill level 10 in Fighting
 56250 | Vaults:1 | Reached skill level 1 in Ice Magic
 56874 | Vaults:1 | Found a shimmering altar of Xom.
 57158 | Vaults:1 | Gained mutation: Scrolls take you longer to read. [evolution]
 57640 | Vaults:2 | Identified Sif Muna's Compendium of Ashen Unholy Secrets (Sif Muna gifted it to you on level 2 of the Vaults)
 57640 | Vaults:2 | Received a gift from Sif Muna
 58027 | Vaults:2 | Reached skill level 5 in Ice Magic
 59847 | Vaults:3 | Identified Boygoyhu's Catalogue of Good Luck and Summoning (Sif Muna gifted it to you on level 3 of the Vaults)
 59847 | Vaults:3 | Received a gift from Sif Muna
 59848 | Vaults:3 | Reached XP level 23. HP: 181/181 MP: 22/34
 60064 | Vaults:3 | Found a staircase to the Crypt.
 60332 | Vaults:3 | Noticed Margery
 60343 | Vaults:3 | Killed Margery
 60718 | Vaults:3 | Found a radiant altar of Vehumet.
 61053 | Vaults:3 | Gained mutation: Your muscles are strong. (Str +2) [evolution]
 61091 | Vaults:3 | Identified Sif Muna's Almanac of Damaging Transformation (Sif Muna gifted it to you on level 3 of the Vaults)
 61091 | Vaults:3 | Received a gift from Sif Muna
 61624 | D:14     | Learned a level 1 spell: Beastly Appendage
 61628 | D:14     | Learned a level 3 spell: Spectral Weapon
 61866 | Vaults:4 | Reached skill level 5 in Transmutations
 61872 | Vaults:4 | Reached skill level 15 in Necromancy
 62406 | Vaults:4 | Received a gift from Sif Muna
 62599 | Vaults:4 | Reached XP level 24. HP: 171/189 MP: 25/35
 63455 | Depths:1 | Entered Level 1 of the Depths
 63459 | Depths:1 | Found a one-way gate leading to the halls of Pandemonium.
 63543 | Depths:1 | Identified the Grimoire of Burning Battle Magic
 63681 | Depths:1 | Found a gateway to Hell.
 64241 | Depths:1 | Fell from the grace of Sif Muna
 64338 | D:8      | Became a worshipper of Kikubaaqudgha
 64473 | Depths:1 | Reached skill level 10 in Transmutations
 64800 | Depths:1 | Found Jihoatai's Book Boutique.
 64807 | Depths:1 | Reached * piety under Kikubaaqudgha
 64807 | Depths:1 | Identified Kikubaaqudgha's Papyrus of Necromancy (Kikubaaqudgha gifted it to you on level 1 of the Depths)
 64807 | Depths:1 | Received a gift from Kikubaaqudgha
 64850 | Depths:1 | Found Simiem's Antique Weapon Shop.
 64850 | Depths:1 | Found Ras Dacu's Magic Scroll Boutique.
 64853 | Depths:1 | Found Gashod's Antique Armour Shop.
 64860 | Depths:1 | Bought a steaming glaive for 552 gold pieces
 65318 | Depths:1 | Identified the +6 glaive "Atiofeeck" {vamp, rPois Str+4 Int-5 Dex+4} (You bought it in a shop on level 1 of the Depths)
 65388 | Depths:1 | Reached ** piety under Kikubaaqudgha
 65470 | Depths:1 | Got an encrusted war axe {chop}
 65879 | Depths:1 | Identified the cursed +3 war axe of Infinity {chop, Int+3} (You took it off a yaktaur on level 1 of the Depths)
 66041 | Depths:2 | Reached *** piety under Kikubaaqudgha
 66041 | Depths:2 | Identified Kikubaaqudgha's Guide on Evil Magic (Kikubaaqudgha gifted it to you on level 2 of the Depths)
 66041 | Depths:2 | Received a gift from Kikubaaqudgha
 66076 | Depths:2 | Reached XP level 25. HP: 193/193 MP: 26/36
 66710 | Depths:2 | Reached **** piety under Kikubaaqudgha
 66710 | Depths:2 | Reached skill level 15 in Transmutations
 66853 | Depths:2 | Noticed a caustic shrike
 66864 | Depths:2 | Killed a caustic shrike
 67028 | Depths:2 | Found Ecwirano's Jewellery Shop.
 67028 | Depths:2 | Found Ycu Wauwass's Gadget Emporium.
 67029 | Depths:2 | Found Fuon's Gadget Emporium.
 67595 | Depths:3 | Reached ***** piety under Kikubaaqudgha
 68015 | Depths:2 | Got an ichor-stained quarterstaff
 68279 | Depths:3 | Identified the +5 quarterstaff of Ebureota {freeze, rPois MP+9 Str+4} (You found it on level 2 of the Depths)
 69395 | Depths:4 | Found a one-way gate to the infinite horrors of the Abyss.
 69465 | Depths:4 | Reached XP level 26. HP: 197/201 MP: 31/36
 69679 | Depths:4 | Noticed the Enchantress
 69688 | Depths:4 | Killed the Enchantress
 69694 | Depths:4 | Reached ****** piety under Kikubaaqudgha
 69734 | Depths:3 | Received a gift from Kikubaaqudgha
 69745 | Depths:3 | Learned a level 8 spell: Necromutation
 69745 | Depths:3 | Fell from the grace of Kikubaaqudgha
 69932 | D:6      | Became a worshipper of Gozag Ym Sagoz the Greedy
 69950 | D:6      | Gained mutation: Your body sometimes deteriorates upon taking damage. [evolution]
 70213 | Depths:1 | Identified 4 scrolls of acquirement
 70216 | Depths:1 | Got a slimy large shield
 70228 | Depths:1 | Identified the +0 large shield of Resourcefulness {Str+6 Stlth+} (You acquired it on level 1 of the Depths)
 70231 | Depths:1 | Got a pair of brightly glowing gloves
 70242 | Depths:1 | Identified the +2 pair of gloves of Qeycairph {rN+} (You acquired it on level 1 of the Depths)
 70249 | Depths:1 | Got a shimmering bone ring
 70267 | Depths:1 | Was forgiven by Sif Muna
 70273 | Depths:1 | Identified the ring of Zostufu {MP+9 Stlth+} (You acquired it on level 1 of the Depths)
 70367 | Depths:1 | Learned a level 5 spell: Fireball
 71712 | Depths:4 | Found a transporter.
 71774 | Depths:4 | Found a gateway to a ziggurat.
 71967 | Depths:4 | Found a transporter.
 72012 | Depths:4 | Got a faintly glowing lapis lazuli ring
 72025 | Depths:4 | Got an ancient lead ring
 72101 | Depths:3 | Identified the ring of Papra {*Tele MR++ Stlth+} (You found it on level 4 of the Depths)
 72105 | Depths:3 | Identified the cursed ring of Dogma {Dex-4 SInv} (You found it on level 4 of the Depths)
 73048 | Depths:4 | Got faerie dragon scales
 73247 | Depths:1 | Identified the +2 faerie dragon scales {+Fly MR- rCorr Slay+4 SInv} (You took it off the Enchantress on level 4 of the Depths)
 73271 | Depths:1 | Bought the +1 pair of boots "Jehan" {Int+4} for 398 gold pieces
 73289 | Depths:1 | Lost mutation: Scrolls take you longer to read. [potion of mutation]
 73289 | Depths:1 | Lost mutation: You are robust. (+10% HP) [potion of mutation]
 73289 | Depths:1 | Gained mutation: You are agile. (Dex +2) [potion of mutation]
 73290 | Depths:1 | Lost mutation: Your body sometimes deteriorates upon taking damage. [potion of mutation]
 73290 | Depths:1 | Lost mutation: Your magical capacity is low. (-10% MP) [potion of mutation]
 73290 | Depths:1 | Lost mutation: You evolve. [potion of mutation]
 73290 | Depths:1 | Lost mutation: Your system is resistant to poisons. (rPois) [potion of mutation]
 73290 | Depths:1 | Lost mutation: Scrolls take you a little longer to read. [potion of mutation]
 73290 | Depths:1 | Lost mutation: You are agile. (Dex +2) [potion of mutation]
 73290 | Depths:1 | Gained mutation: You are robust. (+10% HP) [potion of mutation]
 73290 | Depths:1 | Gained mutation: Your flesh is cold resistant. (rC+) [potion of mutation]
 73787 | Depths:4 | Learned a level 2 spell: Sublimation of Blood
 73791 | Depths:4 | Learned a level 3 spell: Regeneration
 73795 | Depths:5 | Entered Level 5 of the Depths
 75549 | Depths:5 | Reached skill level 15 in Shields
 75567 | Depths:5 | Reached XP level 27. HP: 182/208 MP: 5/41
 75611 | Depths:5 | Found a gate to the Realm of Zot.
 76655 | Crypt:1  | Entered Level 1 of the Crypt
 76909 | Crypt:1  | Was forgiven by Kikubaaqudgha
 77810 | Crypt:2  | Noticed Jory
 77818 | Crypt:2  | Killed Jory
 78106 | Crypt:2  | Noticed Boris
 78118 | Crypt:2  | Killed Boris
 78220 | Crypt:2  | Found the +3 giant club "Skullcrusher" {speed, Str+7}
 78314 | Crypt:2  | Noticed Donald
 78324 | Crypt:2  | Killed Donald
 78623 | Crypt:3  | Entered Level 3 of the Crypt
 78786 | Crypt:3  | Reached skill level 15 in Spellcasting
 78941 | Crypt:3  | Reached skill level 15 in Earth Magic
 78947 | Crypt:3  | Found an ancient bone altar of Kikubaaqudgha.
 78951 | Crypt:3  | Noticed Sojobo
 78963 | Crypt:3  | Killed Sojobo
 79207 | Crypt:3  | Reached skill level 16 in Earth Magic
 79277 | Crypt:3  | Found the +4 Vampire's Tooth {vamp}
 79359 | Crypt:3  | Got a fine amber ring
 79359 | Crypt:3  | Got a flickering copper ring
 79359 | Crypt:3  | Got a translucent pewter ring
 79364 | Crypt:3  | Identified the ring of Erac {rPois rC+ rN+ Str+4 SInv} (You found it on level 3 of the Crypt)
 79366 | Crypt:3  | Identified the ring "Seugatev" {rN+ Stlth+} (You found it on level 3 of the Crypt)
 79370 | Crypt:3  | Identified the ring "Echel" {rN+ Int+3 Dex+5} (You found it on level 3 of the Crypt)
 79457 | Crypt:3  | Identified Validgheadi's Disquisition on Sinister Rituals
 79508 | Crypt:3  | Reached skill level 17 in Earth Magic
 79668 | Crypt:3  | Found a staircase to the Tomb.
 79788 | Crypt:3  | Got a crystal scimitar {vamp}
 79790 | Crypt:3  | Identified the +5 scimitar "Tilinor" {vamp, rElec rF- MP-9 Str+3 Dex+9} (You took it off a skeletal warrior on level 3 of the Crypt)
 80851 | Depths:4 | Learned a level 9 spell: Shatter
 81195 | Tomb:1   | Entered Level 1 of the Tomb of the Ancients
 81393 | Tomb:1   | Reached skill level 18 in Earth Magic
 81624 | Tomb:1   | Noticed a greater mummy
 81633 | Tomb:1   | Killed a greater mummy
 81799 | Tomb:1   | Reached skill level 19 in Earth Magic
 81898 | Tomb:1   | Noticed a greater mummy
 81900 | Tomb:1   | Noticed a greater mummy
 81911 | Tomb:1   | Killed a greater mummy
 81918 | Tomb:1   | Killed a greater mummy
 81919 | Tomb:1   | Noticed a greater mummy
 81937 | Tomb:1   | Killed a greater mummy
 82000 | Tomb:1   | Noticed a greater mummy
 82012 | Tomb:1   | Killed a greater mummy
 82021 | Tomb:1   | Reached skill level 20 in Earth Magic
 82037 | Tomb:1   | Noticed a greater mummy
 82056 | Tomb:1   | Killed a greater mummy
 82109 | Tomb:1   | Noticed a greater mummy
 82124 | Tomb:1   | Killed a greater mummy
 82166 | Tomb:1   | Noticed a greater mummy
 82174 | Tomb:1   | Killed a greater mummy
 82239 | Tomb:1   | Noticed a greater mummy
 82252 | Tomb:1   | Killed a greater mummy
 82315 | Tomb:1   | Noticed a greater mummy
 82323 | Tomb:1   | Killed a greater mummy
 82350 | Tomb:1   | Noticed a greater mummy
 82362 | Tomb:1   | Killed a greater mummy
 82362 | Tomb:1   | Reached skill level 21 in Earth Magic
 82381 | Tomb:1   | Noticed a greater mummy
 82389 | Tomb:1   | Killed a greater mummy
 82410 | Tomb:1   | Noticed a greater mummy
 82425 | Tomb:1   | Killed a greater mummy
 82463 | Tomb:1   | Noticed a greater mummy
 82474 | Tomb:1   | Killed a greater mummy
 83549 | Depths:4 | Learned a level 2 spell: Shroud of Golubria
 84250 | Depths:4 | Reached skill level 1 in Translocations
 84391 | Depths:4 | Voluntarily entered the Abyss.
 85402 | Abyss:1  | Reached skill level 22 in Earth Magic
 85689 | Depths:4 | Escaped the Abyss
 86110 | Tomb:2   | Noticed a greater mummy
 86113 | Tomb:2   | Noticed a greater mummy
 86119 | Tomb:2   | Reached skill level 5 in Translocations
 86129 | Tomb:2   | Noticed a greater mummy
 86133 | Tomb:2   | Noticed a greater mummy
 86135 | Tomb:2   | Killed a greater mummy
 86313 | Tomb:2   | Killed a greater mummy
 86313 | Tomb:2   | Killed a greater mummy
 86317 | Tomb:1   | Killed a greater mummy
 86609 | Tomb:2   | Got a steaming rapier
 86837 | Tomb:3   | Entered Level 3 of the Tomb of the Ancients
 86853 | Tomb:3   | Reached skill level 23 in Earth Magic
 86868 | Tomb:3   | Noticed a greater mummy
 86868 | Tomb:3   | Noticed Boris
 86868 | Tomb:3   | Noticed a greater mummy
 86869 | Tomb:3   | Noticed a greater mummy
 86981 | Tomb:2   | Identified the +1 rapier of the Forest {holy, Int+2} (You found it on level 2 of the Tomb of the Ancients)
 86986 | Tomb:3   | Noticed a greater mummy
 86989 | Tomb:3   | Killed Boris
 86989 | Tomb:3   | Killed a greater mummy
 86989 | Tomb:3   | Killed a greater mummy
 86989 | Tomb:3   | Killed a greater mummy
 86991 | Tomb:3   | Killed a greater mummy
 86991 | Tomb:3   | Reached skill level 24 in Earth Magic
 87204 | Tomb:3   | Found the +8 lance "Wyrmbane" {slay drac, rPois rF+ rC+ AC+3}
 87302 | Tomb:3   | Noticed a greater mummy
 87318 | Tomb:3   | Killed a greater mummy
 87333 | Tomb:3   | Noticed a greater mummy
 87339 | Tomb:3   | Killed a greater mummy
 87373 | Tomb:3   | Noticed a greater mummy
 87376 | Tomb:3   | Noticed a greater mummy
 87382 | Tomb:3   | Killed a greater mummy
 87412 | Tomb:3   | Killed a greater mummy
 87516 | Tomb:3   | Noticed a greater mummy
 87526 | Tomb:3   | Killed a greater mummy
 87526 | Tomb:3   | Reached skill level 25 in Earth Magic
 87691 | Tomb:3   | Got a golden rune of Zot
 87794 | Tomb:3   | Identified the Catalogue of Battle Magic
 87802 | Tomb:3   | Got a heavily runed crystal amulet
 87821 | Tomb:3   | Identified the Tome of Transformation
 88206 | Tomb:3   | Got a smoking scimitar
 88221 | Tomb:3   | Identified the +7 scimitar "Gekugun" {antimagic, rF+ rC+ Str+2} (You found it on level 3 of the Tomb of the Ancients)
 88265 | Tomb:3   | Identified the amulet "Tyav" {Reflect MR+ Dex+7 SH+3} (You found it on level 3 of the Tomb of the Ancients)
 88338 | Tomb:3   | Got a bloodstained falchion
 88339 | Tomb:3   | Identified the +8 falchion of the Slime-mould {slice, MP+9 Dex+7} (You found it on level 3 of the Tomb of the Ancients)
 89190 | Vaults:5 | Entered Level 5 of the Vaults
 89748 | Vaults:4 | Reached skill level 26 in Earth Magic
 90012 | Vaults:5 | Reached skill level 27 in Earth Magic
 90434 | Vaults:5 | Noticed an ancient lich
 90441 | Vaults:5 | Killed an ancient lich
 90620 | Vaults:5 | Got a silver rune of Zot
 90842 | Vaults:5 | Found the ring of Phasing {EV+8}
 91399 | Vaults:5 | Got a transparent hand axe
 91400 | Vaults:5 | Identified the +2 hand axe of Circularity {chop, rC+ MR+ SInv} (You found it on level 5 of the Vaults)
 91906 | Depths:4 | Voluntarily entered the Abyss.
 92227 | Abyss:2  | Found a corrupted altar of Lugonu.
 92249 | Abyss:2  | Found a corrupted altar of Lugonu.
 92380 | Abyss:2  | Found a corrupted altar of Lugonu.
 92430 | Abyss:2  | Found a corrupted altar of Lugonu.
 92437 | Abyss:2  | Reached skill level 5 in Polearms
 92572 | Depths:4 | Escaped the Abyss
 92596 | Zot:1    | Entered Level 1 of the Realm of Zot
 93864 | Depths:4 | Voluntarily entered the Abyss.
 94013 | Abyss:1  | Found a corrupted altar of Lugonu.
 94034 | Abyss:1  | Reached skill level 10 in Armour
 94231 | Depths:4 | Escaped the Abyss
 94273 | Depths:4 | Voluntarily entered the Abyss.
 94273 | Abyss:1  | Found a corrupted altar of Lugonu.
 94322 | Abyss:1  | Found a corrupted altar of Lugonu.
 94768 | Abyss:1  | Found a corrupted altar of Lugonu.
 94971 | Abyss:1  | Reached skill level 10 in Charms
 95102 | Depths:4 | Escaped the Abyss
 95141 | Depths:4 | Voluntarily entered the Abyss.
 95278 | Abyss:1  | Found a corrupted altar of Lugonu.
 96345 | Abyss:1  | Reached skill level 15 in Hexes
 97597 | Abyss:1  | Reached skill level 10 in Ice Magic
 97843 | Abyss:2  | Found a corrupted altar of Lugonu.
 97933 | Abyss:2  | Reached skill level 10 in Summonings
 98564 | Abyss:3  | Found a corrupted altar of Lugonu.
 98658 | Abyss:3  | Got an abyssal rune of Zot
 98788 | Abyss:3  | Got a faintly glowing long sword
 99045 | Abyss:3  | Reached skill level 15 in Stealth
 99045 | Abyss:3  | Reached skill level 10 in Translocations
 99204 | Abyss:3  | Reached skill level 10 in Polearms
 99899 | Abyss:3  | Reached skill level 15 in Polearms
100617 | Depths:4 | Escaped the Abyss
100695 | Depths:4 | Bought the amulet "Daopt" {RegenMP *Drain +Inv rPois Dex+6} for 717 gold pieces
100697 | Depths:4 | Bought the +3 warlock's mirror {reflect} for 440 gold pieces
100697 | Depths:4 | Found the +3 warlock's mirror {reflect}
100697 | Depths:4 | Bought the +9 scales of the Dragon King {rPois rF+ rC+ MR+} for 1372 gold pieces
100697 | Depths:4 | Found the +9 scales of the Dragon King {rPois rF+ rC+ MR+}
100697 | Depths:4 | Bought a +2 pair of gloves of strength for 236 gold pieces
100699 | Depths:4 | Identified the +4 long sword of Waobrasm {venom, Fragile MR+ Int+3 Dex+2} (You found it on level 3 of the Abyss)
100810 | Depths:4 | Bought a warped spear for 296 gold pieces
100810 | Depths:4 | Bought an ancient flail for 314 gold pieces
100810 | Depths:4 | Bought a crystal battleaxe for 425 gold pieces
100810 | Depths:4 | Bought a jewelled battleaxe for 425 gold pieces
100813 | Depths:4 | Identified the +5 spear of Reinforcement {flame, rF+} (You bought it in a shop on level 4 of the Depths)
100814 | Depths:4 | Identified the cursed +2 flail of Guonowny {crush, rElec rPois SInv} (You bought it in a shop on level 4 of the Depths)
100816 | Depths:4 | Lost dexterity.
100816 | Depths:4 | Identified the +6 battleaxe of Quick Death {freeze, rElec Str+5 Dex-4 Stlth+} (You bought it in a shop on level 4 of the Depths)
100819 | Depths:4 | Identified the +11 battleaxe of Greed {chop, +Blink Str+4 SInv} (You bought it in a shop on level 4 of the Depths)
100973 | Zot:2    | Got a slimy great sword
100974 | Zot:2    | Identified the +8 great sword of Feggeax {holy, rPois rF+ MR+ Int-5} (You found it on level 2 of the Realm of Zot)
101268 | Zot:2    | Got a faintly glowing shortbow
101308 | Zot:2    | Identified the +7 shortbow "Cory" {speed, Dex+3} (You found it on level 2 of the Realm of Zot)
103347 | Zot:4    | Reached skill level 15 in Fighting
104199 | Zot:5    | Entered Level 5 of the Realm of Zot
104231 | Zot:5    | Noticed an orb of fire
104676 | Pan      | Entered Pandemonium
105248 | Pan      | Noticed Rokatan the pandemonium lord
105263 | Pan      | Killed Rokatan the pandemonium lord
105933 | Pan      | Found an exit through the horrors of the Abyss.
106425 | Pan      | Identified Xemmuit's Compendium of Boosting Cold
106578 | Pan      | Reached skill level 10 in Air Magic
107900 | Pan      | Found an exit through the horrors of the Abyss.
108017 | Pan      | Noticed Yfriuwov the pandemonium lord
108037 | Pan      | Killed Yfriuwov the pandemonium lord
108799 | Pan      | Noticed Kethrooz the pandemonium lord
108916 | Pan      | Killed Kethrooz the pandemonium lord
109232 | Pan      | Found a runed door.
109269 | Pan      | Got a demonic rune of Zot
109920 | Pan      | Noticed Effi the pandemonium lord
109952 | Pan      | Killed Effi the pandemonium lord
110079 | Pan      | Reached skill level 15 in Air Magic
110666 | Pan      | Entered the realm of Mnoleg.
111228 | Pan      | Noticed Mnoleg
111247 | Pan      | Killed Mnoleg
111273 | Pan      | Got a glowing rune of Zot
111894 | Pan      | Noticed Wucveodu the pandemonium lord
111906 | Pan      | Killed Wucveodu the pandemonium lord
112265 | Pan      | Found an exit through the horrors of the Abyss.
113051 | Pan      | Took an exit into the Abyss.
113051 | Abyss:1  | Escaped into the Abyss
113051 | Abyss:1  | Found a corrupted altar of Lugonu.
113065 | Depths:4 | Escaped the Abyss
113184 | Depths:4 | Learned a level 9 spell: Tornado
113194 | Depths:4 | Voluntarily entered the Abyss.
113284 | Abyss:2  | Found an opulent altar of Gozag.
113315 | Abyss:2  | Got an ebony bardiche
113330 | Abyss:2  | Found an opulent altar of Gozag.
114318 | Abyss:2  | Got a brightly glowing falchion
115229 | Abyss:2  | Found a corrupted altar of Lugonu.
116536 | Abyss:2  | Found a corrupted altar of Lugonu.
116874 | Depths:4 | Escaped the Abyss
116904 | Depths:4 | Identified the +6 bardiche "Domm" {chop, +Inv rN+ Dex+3} (You found it on level 2 of the Abyss)
116905 | Depths:4 | Identified the +3 falchion of Ische {vamp, rC+ MR+ Dex+2} (You found it on level 2 of the Abyss)
116948 | Depths:4 | Bought a smoking chain mail for 237 gold pieces
116948 | Depths:4 | Bought a distressingly furry robe for 142 gold pieces
116948 | Depths:4 | Bought a distressingly furry plate armour for 700 gold pieces
116948 | Depths:4 | Bought a dazzling scale mail for 225 gold pieces
116948 | Depths:4 | Bought a steaming plate armour for 700 gold pieces
116959 | Depths:4 | Identified the cursed +1 chain mail of the Mind {rF+ Int+4} (You bought it in a shop on level 4 of the Depths)
116970 | Depths:4 | Identified the cursed +1 robe "Tonutedo" {rF+ Int+4} (You bought it in a shop on level 4 of the Depths)
116982 | Depths:4 | Identified the cursed +0 plate armour of the Hurricane {Str+2 Dex+7} (You bought it in a shop on level 4 of the Depths)
116993 | Depths:4 | Identified the +2 scale mail "Wiwkydie" {Slay+2 SInv} (You bought it in a shop on level 4 of the Depths)
117003 | Depths:4 | Identified the cursed +0 plate armour of Gualie Ucre {rF+ Slay+2} (You bought it in a shop on level 4 of the Depths)
117108 | Depths:4 | Bought a scroll of enchant armour for 120 gold pieces
117110 | Depths:4 | Bought the amulet "Synkai" {Gourm Str+4 Int+5} for 726 gold pieces
117110 | Depths:4 | Bought the brooch of Shielding {Reflect SH+8} for 1381 gold pieces
117110 | Depths:4 | Found the brooch of Shielding {Reflect SH+8}
117150 | Depths:4 | Bought the +0 Maxwell's etheric cage {RegenMP+ *Contam rElec MP+4} for 880 gold pieces
117150 | Depths:4 | Found the +0 Maxwell's etheric cage {RegenMP+ *Contam rElec MP+4}
117186 | Depths:4 | Bought a scroll of enchant armour for 187 gold pieces
117188 | Depths:4 | Bought a bloodstained scale mail for 441 gold pieces
117188 | Depths:4 | Bought a distressingly furry buckler for 465 gold pieces
117188 | Depths:4 | Bought a pair of runed gloves for 367 gold pieces
117188 | Depths:4 | Bought a pair of glowing gloves for 367 gold pieces
117200 | Depths:4 | Identified the cursed +1 scale mail of a Billion Allies {rElec rC+ Int+2} (You bought it in a shop on level 4 of the Depths)
117211 | Depths:4 | Identified the +4 buckler of a bazaar {SInv} (You bought it in a shop on level 4 of the Depths)
117347 | Pan      | Entered Pandemonium
117457 | Pan      | Noticed Zaucs the pandemonium lord
117487 | Pan      | Killed Zaucs the pandemonium lord
117756 | Pan      | Entered the realm of Cerebov.
118095 | Pan      | Identified a +0 pair of boots of running (You found it in Pandemonium)
118128 | Pan      | Got a shimmering wooden ring
118135 | Pan      | Got a steaming lead ring
118136 | Pan      | Identified the Incunabulum of Scorching Poisoning
118564 | Pan      | Got a scorched helmet
118567 | Pan      | Identified the Grimoire of Weightlessness and Transmigration
118580 | Pan      | Got a pair of ancient gloves
118615 | Pan      | Identified the Collected Works on Quantum Hexes
118725 | Pan      | Noticed Cerebov
118783 | Pan      | Killed from afar by Cerebov

Skill      XL: |  1  2  3  4  5  6  7  8  9 10 11 12 13 14 15 16 17 18 19 20 21 22 23 24 25 26 27 |
---------------+----------------------------------------------------------------------------------+-----
Conjurations   | 1 2 3 4 5 6 7 |  7.0
Fighting       | 1 2 3 5 6 7 8 9 10 18 | 18.0
Dodging        | 2 3 4 5 6 7 9 |  9.0
Armour         | 1 2 4 5 6 7 8 9 11 | 11.0
Staves         | 1 2 3 |  3.0
Stealth        | 3 4 5 6 8 9 10 11 12 15 | 15.0
Evocations     | 2 4 6 7 9 10 12 | 12.0
Poison Magic   | 1 4 7 8 10 11 12 | 12.0
Hexes          | 4 6 7 10 11 12 13 14 15 | 15.0
Air Magic      | 2 3 4 5 6 21 | 21.0
Spellcasting   | 4 5 7 8 9 10 11 12 13 14 16 | 16.0
Polearms       | 1 3 4 17 | 17.9
Shields        | 3 9 10 11 12 15 16 | 16.0
Necromancy     | 2 7 9 10 11 12 13 15 16 17 19 | 19.0
Earth Magic    | 2 8 11 12 13 14 27 | 27.0
Charms         | 2 4 5 6 7 8 10 | 10.0
Maces & Flails | 1 4 5 6 7 |  7.6
Slings         | 3 4 6 7 8 9 10 12 | 12.0
Transmutations | 1 3 8 14 16 18 20 | 20.0
Summonings     | 3 5 6 7 8 10 | 10.0
Ice Magic      | 7 8 10 | 10.0
Translocations | 10 | 10.0

Action                   |  1- 3 |  4- 6 |  7- 9 | 10-12 | 13-15 | 16-18 | 19-21 | 22-24 | 25-27 || total
-------------------------+-------+-------+-------+-------+-------+-------+-------+-------+-------++-------
Melee: Hand axe          |    18 |       |       |       |       |       |       |       |       ||    18
       Quarterstaff      |    15 |    93 |    63 |       |       |       |       |       |       ||   171
       Staff             |       |       |     2 |     3 |       |       |       |       |    77 ||    82
       Halberd           |       |       |     6 |   523 |   288 |       |       |       |       ||   817
       Double sword      |       |       |       |     5 |       |       |       |       |       ||     5
       Demon whip        |       |       |       |       |    84 |     3 |       |       |       ||    87
       Long sword        |       |       |       |       |       |    11 |       |       |       ||    11
       Lance             |       |       |       |       |       |       |       |       |  4946 ||  4946
 Fire: Shortbow          |       |       |       |     1 |       |       |       |       |       ||     1
       Hunting sling     |       |       |       |       |   204 |  1333 |  1256 |  1119 |  2347 ||  6259
Throw: Stone             |       |       |       |     1 |     1 |       |       |       |    14 ||    16
 Cast: Magic Dart        |    57 |   166 |   376 |   306 |    40 |     1 |       |       |       ||   946
       Slow              |       |     1 |     4 |    53 |     1 |       |       |       |       ||    59
       Mephitic Cloud    |       |       |     7 |    40 |     5 |    30 |     3 |     4 |    18 ||   107
       Borgnjor's Vile C |       |       |       |    19 |   226 |   277 |   337 |   298 |   913 ||  2070
       Animate Dead      |       |       |       |       |     1 |       |       |       |       ||     1
       Confuse           |       |       |       |       |       |    34 |    45 |    26 |    17 ||   122
       Dispel Undead     |       |       |       |       |       |    26 |     9 |    29 |   122 ||   186
       Lee's Rapid Decon |       |       |       |       |       |     3 |       |    38 |    15 ||    56
       Sublimation of Bl |       |       |       |       |       |     5 |    61 |   132 |    39 ||   237
       Summon Mana Viper |       |       |       |       |       |     6 |    19 |       |    69 ||    94
       Silence           |       |       |       |       |       |       |    11 |       |     1 ||    12
       Regeneration      |       |       |       |       |       |       |    29 |    96 |    58 ||   183
       Ozocubu's Armour  |       |       |       |       |       |       |     1 |    47 |   210 ||   258
       Necromutation     |       |       |       |       |       |       |       |       |   500 ||   500
       Fireball          |       |       |       |       |       |       |       |       |     3 ||     3
       Spectral Weapon   |       |       |       |       |       |       |       |       |   420 ||   420
       Shatter           |       |       |       |       |       |       |       |       |   165 ||   165
       Shroud of Golubri |       |       |       |       |       |       |       |       |    97 ||    97
       Tornado           |       |       |       |       |       |       |       |       |     3 ||     3
Invok: Divine Energy     |       |       |     1 |       |       |       |       |       |       ||     1
       Channel Magic     |       |       |       |     1 |       |       |       |       |       ||     1
       Renounce Religion |       |       |       |       |       |       |       |     1 |     1 ||     2
       Call Merchant     |       |       |       |       |       |       |       |       |    11 ||    11
       Receive Necronomi |       |       |       |       |       |       |       |       |     1 ||     1
       Potion Petition   |       |       |       |       |       |       |       |       |    16 ||    16
 Abil: Dig               |       |    10 |    17 |    44 |   129 |   100 |    37 |     6 |   173 ||   516
Evoke: Wand              |       |       |       |     3 |       |     9 |       |     2 |     8 ||    22
       Phial of floods   |       |       |       |       |       |     2 |       |       |     2 ||     4
       Crystal ball of e |       |       |       |       |       |       |     1 |       |       ||     1
       Staff of energy   |       |       |       |       |       |       |       |   101 |  2040 ||  2141
       Lamp of fire      |       |       |       |       |       |       |       |       |     1 ||     1
  Use: Scroll            |       |     4 |     4 |     2 |    14 |    15 |     9 |     3 |    48 ||    99
       Potion            |       |       |       |       |     1 |     3 |     3 |       |     2 ||     9
 Stab: Confused          |       |       |     2 |    13 |     4 |       |       |       |       ||    19
       Sleeping          |       |       |     1 |     4 |     3 |       |       |       |    11 ||    19
       Paralysed         |       |       |       |     9 |       |     7 |       |       |       ||    16
       Distracted        |       |       |       |       |     1 |       |       |       |   140 ||   141
       Petrifying        |       |       |       |       |       |       |       |       |     2 ||     2
  Eat: Chunk             |     1 |     9 |    18 |    39 |    90 |    78 |    59 |    46 |    20 ||   360
       Ration            |       |     1 |     1 |       |     3 |     9 |     7 |     2 |    13 ||    36
Armor: Robe              |     4 |       |       |       |       |       |       |       |       ||     4
       Ring mail         |    11 |    58 |   117 |   103 |       |       |       |       |       ||   289
       Troll leather arm |       |       |       |    45 |    91 |   147 |    94 |   168 |  1249 ||  1794
       Leather armour    |       |       |       |       |       |     8 |     2 |       |       ||    10
Dodge: Dodged            |    27 |    79 |   165 |   176 |   202 |   221 |   187 |   192 |  1875 ||  3124
Block: Other             |       |       |    34 |    23 |       |       |       |       |       ||    57
       Reflection        |       |       |     3 |     6 |     9 |       |       |       |       ||    18
       Shield            |       |       |       |   191 |   282 |   231 |   186 |   213 |   233 ||  1336
       Large shield      |       |       |       |       |       |       |       |       |  3379 ||  3379
       Rpst.: Double sword |       |       |       |     1 |       |       |       |       |       ||     1
